 Dungeon Crawl Stone Soup version 0.30-b1-2-g02819fbbbe (webtiles) character file.

Game seed: 8259171888438885560

42 Metae the Trooper (level 3, -2/33 HPs)
             Began as a Minotaur Fighter on June 17, 2023.
             Slain by a gnoll
             ... wielding a +0 spear
              (7 damage)
             ... on level 2 of the Dungeon.
             The game lasted 00:03:56 (708 turns).

Metae the Trooper (Minotaur Fighter)                 Turns: 708, Time: 00:03:56

Health: -2/33      AC:  7    Str: 22    XL:     3   Next: 35%
Magic:  2/2        EV:  9    Int:  5    God:
Gold:   28         SH:  4    Dex:  9    Spells: 2/2 levels left

rFire   . . .        a - +0 flail
rCold   . . .        c - +0 buckler
rNeg    . . .        b - +0 scale mail
rPois   .            (helmet restricted)
rElec   .            (no cloak)
rCorr   .            (no gloves)
SInv    .            (no boots)
Will    .....        (no amulet) Stlth
                     (no ring)
HPRegen 0.25/turn    (no ring)
MPRegen 0.08/turn

%: no passive effects
@: no status effects
A: horns 2, retaliatory headbutt
a: no special abilities


You were on level 2 of the Dungeon.
You visited 1 branch of the dungeon, and saw 2 of its levels.

You collected 28 gold pieces.

Inventory:

Hand Weapons
 a - a +0 flail (weapon)
Missiles
 e - 13 stones (quivered)
Armour
 b - a +0 scale mail (worn)
 c - a +0 buckler (worn)
Jewellery
 f - a ring of wizardry
Scrolls
 g - a scroll of amnesia {unknown}
 h - 2 scrolls of identify {unknown}
 i - a scroll of immolation {unknown}
Potions
 d - a potion of might
 j - a potion of haste {unknown}
 k - 2 potions of cancellation {unknown}
 l - 2 potions of ambrosia {unknown}


   Skills:
 + Level 4.1 Fighting
 + Level 3.1 Maces & Flails
 + Level 4.1 Armour
 + Level 4.1 Shields


You had 2 spell levels left.
You didn't know any spells.
Your spell library was empty.

Dungeon Overview and Level Annotations

Branches:
Dungeon (2/15)

Altars:
Ashenzari


Innate Abilities, Weirdness & Mutations

You have a pair of horns on your head.
You reflexively headbutt those who attack you in melee.


Message History

You barely miss the gnoll.
The gnoll is almost dead.
The gnoll hits you with a +0 battleaxe!
You barely miss the gnoll.
The gnoll is almost dead.
The gnoll hits you with a +0 battleaxe. The hobgoblin barely misses you.
You furiously retaliate!
You headbutt the hobgoblin!
You kill the hobgoblin!
The quokka closely misses you. The gnoll barely misses you.
The gnoll hits you with a +0 battleaxe. The adder bites you but does no damage.
The adder attacks as you move away! The adder bites you.
The quokka barely misses you. You furiously retaliate!
You headbutt the quokka.
The quokka twitches its whiskers.
You closely miss the quokka.
The quokka is moderately wounded.
The adder bites you but does no damage. The quokka closely misses you.
You furiously retaliate!
You headbutt the quokka!
You kill the quokka!
The gnoll hits you but does no damage. The adder barely misses you.
You hit the plant.
The plant begins to die.
You headbutt the plant!
The plant is lightly damaged.
The adder barely misses you. You furiously retaliate!
You headbutt the adder. The gnoll barely misses you.
The adder bites you but does no damage. The gnoll attacks as you move away!
The gnoll hits you with a +0 battleaxe!
* * * LOW HITPOINT WARNING * * *
The gnoll hits you from afar with a +0 spear.
* * * LOW HITPOINT WARNING * * *
You block the adder's attack.
The gnoll hits the plant with a +0 battleaxe!
The plant begins to die.
The adder attacks as you move away! The adder bites you but does no damage.
The gnoll hits the plant with a +0 battleaxe.
The adder bites you but does no damage.
A nearby plant withers and dies.
You closely miss the adder.
The adder is heavily wounded.
The adder barely misses you.
The gnoll hits you from afar with a +0 spear!
You die...

.♣♣.♣♣♣.♣♣♣♣.P.♣♣♣P♣
♣..P.♣..PP♣♣P..♣.P.♣♣
♣.P♣.....♣.♣...P♣PP..♣♣#
..8...♣.♣......♣♣..P♣PP###.#
....#...#...♣..♣..♣.♣......#
......$.......♣..P...###
#..._...#..P♣.P.♣♣.♣.#
P.....)......♣..♣♣♣♣...#
..P.#...#.§§..P.@♣♣†..##
.........P§♣♣ggS♣.....####.#
♣..♣♣.P♣♣§♣~♣P.♣♣...>......#
♣P...# #.♣♣..♣♣♣..#.#####.#
###. ##.♣P.♣......#####.# #.
..###......).....# ###
#.############ #)# #.#


You could see 2 gnolls and an adder.

Vanquished Creatures
  2 bats (D:1)
  An endoplasm (D:1)
  A giant cockroach (D:1)
  4 goblins
  8 hobgoblins
  6 quokkas
  4 ball pythons
  3 frilled lizards
  3 kobolds
  7 rats (D:1)
39 creatures vanquished.

Vanquished Creatures (others)
  41 plants (D:2)
41 creatures vanquished.

Grand Total: 80 creatures vanquished

Notes
Turn   | Place    | Note
-------+----------+-------------------------------------------
     0 | D:1      | Metae the Minotaur Fighter began the quest for the Orb.
     0 | D:1      | Reached XP level 1. HP: 19/19 MP: 0/0
   141 | D:1      | Reached XP level 2. HP: 23/27 MP: 1/1
   204 | D:1      | You fall into a shaft and drop 1 floor!
   444 | D:1      | Reached XP level 3. HP: 31/33 MP: 2/2
   675 | D:2      | Found a broken altar of Ashenzari.
   708 | D:2      | Slain by a gnoll

Illustrated notes

Levels and vault maps discovered:
D:1:      amcnicky_arrival_underground_garden, layout_rooms,
          minmay_misc_feat_tiny
D:2:      wad_woods_stonehenge, layout_loops_ring

Skill      XL: |  1  2 |
---------------+-------+-----
Fighting       | 4 |  4.1
Shields        | 4 |  4.1
Armour         | 4 |  4.1
Maces & Flails | 3 |  3.1

Action                     || total
---------------------------++-------
  Melee: Flail             ||    75
         Headbutt          ||    11
 Armour: Scale mail        ||    37
  Dodge: Dodged            ||    42
  Block: Buckler           ||    11
